 Dungeon Crawl Stone Soup version 0.31-a0-210-gccc998df9b (webtiles) character file.

Game seed: 2926561404658361286

44 Ofeo the Conjurer (level 3, -3/31 HPs)
             Began as an Armataur Reaver on June 29, 2023.
             Slain by a sleepcap (5 damage)
             ... on level 3 of the Dungeon.
             The game lasted 00:03:10 (1849 turns).

Ofeo the Conjurer (Armataur Reaver)                 Turns: 1849, Time: 00:03:11

Health: -3/31      AC:  8    Str: 19    XL:     3   Next: 41%
Magic:  6/6        EV:  7    Int: 13    God:
Gold:   77         SH:  0    Dex:  8    Spells: 5/6 levels left

rFire   + . .        a - +0 hand axe
rCold   . . .        (no shield)
rNeg    . . .        d - +2 scale mail {rF+}
rPois   .            (no helmet)
rElec   .            c - scarf {shadows}
rCorr   .            (no gloves)
SInv    .            (no barding)
Will    .....        (no amulet) Stlth
                     (no ring)
HPRegen 0.25/turn    (no ring)
MPRegen 0.10/turn

%: roll
@: no status effects
A: large, rugged brown scales 3, deformed body, armoured tail, roll, long
tongue, awkward tongue
a: no special abilities


You were on level 3 of the Dungeon.
You visited 1 branch of the dungeon, and saw 3 of its levels.

You collected 77 gold pieces.

Inventory:

Hand Weapons
 a - a +0 hand axe (weapon)
Armour
 b - a +0 leather armour
 c - a scarf of shadows (worn)
 d - a +2 scale mail of fire resistance (worn)
Jewellery
 j - a +5 ring of evasion
Scrolls
 e - a scroll of identify {unknown}
 k - a scroll of noise {unknown}
 l - a scroll of teleportation {unknown}
Potions
 f - a potion of brilliance {unknown}
 g - a potion of ambrosia {unknown}
 h - a potion of degeneration {unknown}
 i - a potion of attraction {unknown}


   Skills:
 + Level 2.1 Fighting
 + Level 2.7 Axes
 + Level 1.8 Dodging
 + Level 2.1 Spellcasting
 + Level 3.0 Conjurations


You had 5 spell levels left.
You knew the following spells:

 Your Spells              Type           Power      Damage    Failure   Level
a - Kiss of Death         Conj/Necr      20%        2d7       41%         1

Your spell library contained the following spells:

 Spells                   Type           Power      Damage    Failure   Level
 Momentum Strike          Conj/Tloc      10%        3d8       54%         2
 Ensorcelled Hibernation  Hex/Ice        2%         N/A       77%         2
 Dazzling Flash           Conj/Hex       10%        N/A       78%         3
 Hailstorm                Conj/Ice       5%         3d4       78%         3
 Gell's Gravitas          Tloc           1%         N/A       94%         3
 Spider Form              Tmut/Pois      1%         N/A       94%         3
 Summon Guardian Golem    Hex/Summ       1%         N/A       94%         3
 Teleport Other           Tloc           1%         N/A       94%         3
 Volatile Blastmotes      Fire/Tloc      2%         2d10      94%         3
 Iskenderun's Mystic Bla  Conj/Tloc      5%         2d3       99%         4
 Anguish                  Hex/Necr       0%         N/A       100%        4
 Dispersal                Tloc           0%         N/A       100%        6
 Starburst                Conj/Fire      2%         6d3       100%        6
 Orb of Destruction       Conj           4%         9d5       100%        7
 Spellforged Servitor     Conj/Summ      2%         N/A       100%        7


Dungeon Overview and Level Annotations

Branches:
Dungeon (3/15)

Altars:


Innate Abilities, Weirdness & Mutations

You are completely covered in rugged brown scales. (AC +3, +7% HP)
Armour fits poorly on your strangely shaped body.
You have a long armoured tail.
You roll when moving toward enemies. (Rampage)
Your long tongue fully drains potion bottles. (2x potion effects)
Your tongue gives you trouble enunciating. (1.5x scroll delay)


Message History

You tail-slap the sleepcap, but do no damage.
The sleepcap is heavily damaged.
The sleepcap releases spores at you.
* * * LOW HITPOINT WARNING * * *
You are engulfed in a cloud of soporific spores!
You are unaffected.
You take 4 damage, and have 8/31 hp.
You hit the sleepcap but do no damage.
The sleepcap is heavily damaged.
The sleepcap closely misses you. x2
You hit the sleepcap but do no damage.
The sleepcap is heavily damaged.
The sleepcap barely misses you.
You hit the sleepcap.
The sleepcap is heavily damaged.
The sleepcap releases spores at you.
* * * LOW HITPOINT WARNING * * *
You are engulfed in a cloud of soporific spores!
You fall asleep.
The sleepcap releases spores at you but does no damage.
The sleepcap releases spores at you.
You wake up.
* * * LOW HITPOINT WARNING * * *
You take 6 damage, and have 2/31 hp.
Unknown command.
You slash the sleepcap!
The sleepcap is almost destroyed.
The sleepcap releases spores at you but does no damage.
You hit the sleepcap but do no damage.
The sleepcap is almost destroyed.
The sleepcap barely misses you.
You hit the sleepcap but do no damage.
The sleepcap is almost destroyed.
The sleepcap releases spores at you.
* * * LOW HITPOINT WARNING * * *
The sleepcap releases spores at you but does no damage.
You take 1 damage, and have 2/31 hp.
You hit the sleepcap.
The sleepcap is almost destroyed.
The sleepcap releases spores at you.
You die...

..... .....#
......
#.....## #
......#..#
#..f#..#
#..@#..#
####...#..#
.....<....##
####.......#
#...##..#
###.##..#
#.##..#####
###.##.....>.
#.......###..


You could see a sleepcap.

Vanquished Creatures
  A gnoll (D:1)
  A dart slug (D:1)
  3 endoplasms
  2 giant cockroaches
  2 goblins
  7 hobgoblins
  A quokka (D:1)
  3 ball pythons
  5 bats
  A frilled lizard (D:2)
  5 kobolds
  A rat (D:2)
32 creatures vanquished.

Notes
Turn   | Place    | Note
-------+----------+-------------------------------------------
     0 | D:1      | Ofeo the Armataur Reaver began the quest for the Orb.
     0 | D:1      | Reached XP level 1. HP: 18/18 MP: 3/3
   239 | D:1      | Reached XP level 2. HP: 25/25 MP: 4/4
   737 | D:1      | Reached XP level 3. HP: 31/31 MP: 6/6
   833 | D:2      | Found a faded altar of an unknown god.
   866 | D:2      | Reached skill level 3 in Conjurations
  1849 | D:3      | Slain by a sleepcap

Illustrated notes

Levels and vault maps discovered:
D:1:      minmay_arrival_stone_box, layout_rooms, minmay_misc_feat_hallway
D:2:      layout_loops_ring, chequers_ecumenical_altar_island
D:3:      layout_basic, old_standard_altar

Skill      XL: |  1  2  3 |
---------------+----------+-----
Fighting       | 2 |  2.1
Spellcasting   | 2 |  2.1
Conjurations   | 3 |  3.0
Axes           | |  2.7
Dodging        | |  1.8

Action                     || total
---------------------------++-------
  Melee: Hand axe          ||   124
         Tailslap          ||    11
    Use: Scroll            ||     1
 Armour: Leather armour    ||     9
         Scale mail        ||    59
  Dodge: Dodged            ||    41

Table legend: (Time is in decaauts)
 A = Elapsed time spent in this place.
 B = Non-inter-level travel time spent in this place.
 C = Inter-level travel time spent in this place.
 D = Time resting spent in this place.
 E = Time spent auto-exploring this place.
 F = Levels seen in this place.
 G = Mean time per level.
                   A        B        C        D        E       F      G
               +--------+--------+--------+--------+--------+-----+--------+
         Total |   1869 |   1807 |     62 |      0 |   1474 |   3 |  623.0 |
       Dungeon |   1869 |   1807 |     62 |      0 |   1474 |   3 |  623.0 |
               +--------+--------+--------+--------+--------+-----+--------+

Top non-repeatable levels by time:
     D:2: 868 daAuts
     D:1: 844 daAuts
     D:3: 156 daAuts
